 Dungeon Crawl Stone Soup version 0.30.2 (webtiles) character file.

Game seed: 15499028762168859760

1 porpoise the Caller (level 1, 0/10 HPs)
             Began as a Deep Elf Summoner on Feb 14, 2024.
             Slain by a quokka (4 damage)
             ... on level 1 of the Dungeon.
             The game lasted 00:01:11 (317 turns).

porpoise the Caller (Deep Elf Summoner)              Turns: 317, Time: 00:01:11

Health: 0/10       AC:  2    Str:  5    XL:     1   Next: 16%
Magic:  2/6        EV: 12    Int: 19    God:
Gold:   0          SH:  0    Dex: 15    Spells: 5/6 levels left

rFire   . . .        (no weapon)
rCold   . . .        (no shield)
rNeg    . . .        a - +0 robe
rPois   .            (no helmet)
rElec   .            (no cloak)
rCorr   .            (no gloves)
SInv    .            (no boots)
Will    .....        (no amulet)
Stlth   ++           (no ring)
HPRegen 0.21/turn    (no ring)
MPRegen 0.10/turn

%: no passive effects
@: no status effects
A: no striking features
a: no special abilities


You were on level 1 of the Dungeon.
You visited 1 branch of the dungeon, and saw 1 of its levels.

Inventory:

Armour
 a - a +0 robe (worn)
Potions
 b - a potion of magic


   Skills:
 - Level 2.4 Dodging
 - Level 2.4 Stealth
 + Level 3.0 Spellcasting
 + Level 4.4 Summonings


You had 5 spell levels left.
You knew the following spells:

 Your Spells              Type           Power      Damage    Failure   Level
a - Summon Small Mammal   Summ           76%        N/A       2%          1

Your spell library contained the following spells:

 Spells                   Type           Power      Damage    Failure   Level
 Call Imp                 Summ           38%        N/A       3%          2
 Call Canine Familiar     Summ           19%        N/A       8%          3
 Summon Guardian Golem    Hex/Summ       11%        N/A       19%         3
 Summon Lightning Spire   Summ/Air       11%        N/A       52%         4


Dungeon Overview and Level Annotations

Branches:
Dungeon (1/15)

Altars:


Message History

Casting: Summon Small Mammal (safe; 2% risk of failure)
Confirm with . or Enter, or press ? or * to list all spells.
You swap places.
The quokka bites your quokka.
Your quokka completely misses the quokka.
The quokka barely misses your quokka.
Your quokka bites the quokka.
The quokka bites your quokka.
Your quokka dies!
Your quokka's corpse disappears in a puff of smoke!
Casting: Summon Small Mammal (safe; 2% risk of failure)
Confirm with . or Enter, or press ? or * to list all spells.
You miscast Summon Small Mammal.
You are very lightly contaminated with residual magic.
Nothing appears to happen.
The quokka completely misses your rat.
Your rat bites the quokka but does no damage.
Casting: Summon Small Mammal (safe; 2% risk of failure)
Confirm with . or Enter, or press ? or * to list all spells.
The quokka barely misses your rat.
Your rat bites the quokka but does no damage.
The quokka bites your rat.
Your rat dies!
Your rat's corpse disappears in a puff of smoke!
You swap places.
Your quokka closely misses the quokka.
The quokka bites your quokka.
Your quokka bites the quokka.
The quokka bites your quokka.
Your quokka dies!
Your quokka's corpse disappears in a puff of smoke!
Casting: Summon Small Mammal (safe; 2% risk of failure)
Confirm with . or Enter, or press ? or * to list all spells.
Your magical contamination has completely faded away.
The quokka bites you.
You barely miss the quokka.
The quokka is almost dead.
Your quokka barely misses the quokka.
The quokka twitches its whiskers.
The quokka bites you.
Ouch! That really hurt!
You hit the quokka but do no damage.
The quokka is almost dead.
Your quokka closely misses the quokka.
The quokka bites you.
You die...

#### #.#
#..#####..#
#.###.### #.#
#.........#
#.....# #.#
#.........#
#####.# ..#
########.#####
##+##
#.........###...##
#.#######.##.....#
#.# #.#.......
.#########.#
#.........
.........r@#
#.........
.#########r#
#.....>... #.#
#.#....... #.#
#.##.....# #..
..###...## ###
#### ##+##


You could see a quokka (ally target) and a friendly quokka (summoned).

Vanquished Creatures
  A bat (D:1)
1 creature vanquished.

Vanquished Creatures (collateral kills)
  A bat (D:1)
1 creature vanquished.

Grand Total: 2 creatures vanquished

Notes
Turn   | Place    | Note
-------+----------+-------------------------------------------
     0 | D:1      | porpoise the Deep Elf Summoner began the quest for the Orb.
     0 | D:1      | Reached XP level 1. HP: 10/10 MP: 6/6
   317 | D:1      | Slain by a quokka

Illustrated notes

Levels and vault maps discovered:
D:1:      sevenhm_arrival_forest_fort_large_2, layout_loops_corners,
          serial_glass, glass_columns_c, glass_columns_a,
          minmay_strange_pillars, item_on_display_a, item_on_display_a,
          due_unseen_surprise

Action                     || total
---------------------------++-------
  Melee: Unarmed           ||    10
         Punch             ||     1
   Cast: Summon Small Mamm ||     9
 Armour: Robe              ||     9
  Dodge: Dodged            ||    17
